Ryan, lawful male human Knight ----------- ------------ +.........| |.......<..| |.........| |...........########### |.......!.| |..........| # |......I..+ |..........| ## |...>.....| |..........|########## ---------.- ---|-------- # ------- # ###|.....| ### #......|### # |.....|## ### |.....-## # |.....|# # | -------# ------ --.---- |........... #####......####......| | # |....| |.....| .....|####......| ------ ------- Ryan the Bachelor Experience level: 7 Strength: 15 Dexterity: 8 Constitution: 11 Intelligence: 8 Wisdom: 15 Charisma: 16 Health: 50(50) Energy: 50(50) Def: 12 Gold: 829 Moves: 3810 Dungeon seed: 5LR1gcvVzXHP5el9 Game ID: Ryan_1467071645 Your Inventory: Coins $ - 829 gold pieces Amulets h - an uncursed amulet of ESP (being worn) Weapons a - a thoroughly rusty +1 long sword (weapon in hand) Armor e - an uncursed +0 scale mail n - an uncursed +0 helmet (being worn) q - an uncursed +0 small shield (being worn) r - an uncursed +0 pair of leather gloves (being worn) z - an uncursed +0 elven mithril-coat (being worn) Y - an uncursed +4 dwarvish cloak (being worn) Scrolls M - a cursed scroll of teleportation P - an uncursed scroll of destroy armor Tools p - an uncursed tin whistle Spells and supernatural/magical abilities: Name Level Category Fail Memory z - sleep 1 enchantment 100% 86% W - pray for help -- divine ? -- X - turn undead -- divine ? -- Y - supernatural jump -- ability ? -- Your skills at the end: Fighting Skills riding [Basic] Weapon Skills long sword [Basic] lance [Basic] Spellcasting Skills Final Attributes: You were piously aligned. You were hallucinating. You were telepathic. You could jump. You were fast. You are dead. Vanquished creatures: 2 large mimics 2 small mimics a dog an imp a rock piercer a pony a fog cloud a shrieker 2 little dogs a floating eye a rothe a rabid rat an orc zombie a wererat 2 iguanas 3 killer bees a gas spore a hobbit a large kobold 2 giant rats a brown mold 2 yellow molds 4 garter snakes a gnome zombie 2 geckos 11 jackals 2 foxes 2 goblins 2 sewer rats 6 grid bugs 2 lichens a kobold zombie 6 newts and a partridge in a pear tree 69 creatures vanquished. Voluntary challenges: You were an atheist. You used a wielded weapon 105 times, starting on turn 5. You read items or engraved 7 times, starting on turn 857. You never genocided any monsters. You never polymorphed an object. You never changed form. You used no wishes. You never split a pudding. You never wrote Elbereth's name. You violated your moral code, losing 24 points of alignment, starting on turn 1371. Dungeon overview: The Dungeons of Doom: levels 1 to 6 Level 1 a long staircase Level 2 a general store, a fountain Level 3 a general store Level 4 a long staircase Level 5 some fountains Level 6 <- You were here History has recorded: On T:1 you entered the Dungeons of Doom to retrieve the Amulet of Yendor! On T:856 you reached level 2 of The Dungeons of Doom. On T:907 you reached level 3 of The Dungeons of Doom. On T:1014 you advanced to experience level 2. On T:1157 you advanced to experience level 3. On T:1169 you advanced to experience level 4. On T:1180 you advanced to experience level 5. On T:2788 you reached level 4 of The Dungeons of Doom. On T:2927 you reached level 5 of The Dungeons of Doom. On T:3267 you reached level 6 of The Dungeons of Doom. Score breakdown: Gold: 829 ( 9929 points) Experience: 7 levels (13645 points) Exploration: 6 levels ( 12.77%) ( 9890 points) Discoveries: 8 items ( 3.25%) ( 5410 points) Valuables value: (no points given unless you survive) Artifact value: 0 ( 0 points) Variety of kills: 33 monsters ( 8.66%) ( 8829 points) Turncount: 3810 turns ( -953 points) Survival: died (score multiplied by 80%) Total score: 37400 Latest messages: You resume your meal. You stop eating. You faint from lack of food. You come to. You resume your meal. You stop eating. You faint from lack of food. You finish eating the yellow mold corpse. Oh wow! Great stuff! You come to. You faint from lack of food. You come to. You faint from lack of food. You come to. You faint from lack of food. You come to. You see here a statue of a large kobold. You faint from lack of food. It bites! It misses. You die from starvation. Final status: Fare thee well Ryan the Knight, died of starvation, while fainted from lack of food... You starved in The Dungeons of Doom on dungeon level 6 with 37400 points, and 829 pieces of gold, after 3810 moves. You were level 7 with a maximum of 50 hit points when you starved.